 Dungeon Crawl Stone Soup version 0.27.1-34-g3ba077fa99 (webtiles) character file.

Game seed: 14872256926316132406

74 cbfl8 the Skirmisher (level 4, -1/39 (41) HPs)
             Began as a Minotaur Wanderer on Jan 17, 2022.
             Slain by a wight (4 damage)
             ... on level 3 of the Dungeon.
             The game lasted 00:04:47 (2330 turns).

cbfl8 the Skirmisher (Minotaur Wanderer)            Turns: 2330, Time: 00:04:47

HP:   -1/39 (41)    AC:  3    Str: 18    XL:     4   Next: 10%
MP:   3/3           EV: 11    Int:  8    God:
Gold: 11            SH:  0    Dex: 10    Spells: 3/3 levels left

rFire    + . .     SeeInvis .   p - staff of fire
rCold    . . .     Faith    .   (no shield)
rNeg     . . .     Spirit   .   i - +0 leather armour
rPois    .         Reflect  .   (helmet restricted)
rElec    .         Harm     .   (no cloak)
rCorr    .         Rampage  .   (no gloves)
Will     .....                  (no boots)
Stlth    +.........             (no amulet)
HPRegen  0.13/turn              (no ring)
MPRegen  0.08/turn              (no ring)

@: lightly drained
A: horns 2, retaliatory headbutt
a: no special abilities


You were on level 3 of the Dungeon.
You visited 1 branch of the dungeon, and saw 3 of its levels.

You collected 11 gold pieces.

Inventory:

Hand Weapons
 a - a +2 shortbow
 c - a +0 hand crossbow
 h - a +0 whip
 j - a +0 dagger
Missiles
 b - 46 arrows
 d - 47 bolts
 m - a throwing net (quivered)
Armour
 f - a +0 robe
 i - a +0 leather armour (worn)
Magical Staves
 p - a staff of fire (weapon)
 t - a staff of fire
Scrolls
 e - 2 scrolls of teleportation
 l - a scroll of identify {unknown}
 q - a scroll of magic mapping {unknown}
 s - a scroll of blinking {unknown}
Potions
 g - a potion of lignification {unknown}
 k - a potion of might {unknown}
 n - a potion of flight {unknown}
 o - 3 potions of curing {unknown}
 r - a potion of mutation {unknown}


   Skills:
 + Level 4.7 Fighting
 + Level 1.2 Long Blades
 + Level 1.1 Maces & Flails
 + Level 1.1 Bows
 + Level 4.6 Armour
 + Level 1.1 Dodging
 + Level 1.1 Stealth
 + Level 1.2 Shields


You had 3 spell levels left.
You didn't know any spells.
Your spell library was empty.

Dungeon Overview and Level Annotations

Branches:
Dungeon (3/15)

Altars:

Shops:
D:2 !!?(=


Innate Abilities, Weirdness & Mutations

You have a pair of horns on your head.
You reflexively headbutt those who attack you in melee.


Message History

Done exploring.
There is a stone staircase leading down here.
You climb downwards.
There is a stone staircase leading up here.
You open the door.
Found a scroll labelled XEAMON KEHA.
There is an open door here.
A bat and a wight come into view.
A wight comes into view. It is wielding a +0 war axe.
The bat hits you but does no damage. x2
The bat hits you but does no damage.
There is an open door here.
The bat barely misses you. The bat hits you but does no damage.
The bat hits you but does no damage. The bat barely misses you.
The bat misses you.
You closely miss the bat. The bat hits you but does no damage. x2
You closely miss the bat. You headbutt the bat.
You kill the bat!
The wight hits you with a +0 short sword.
You feel drained.
You hit the wight but do no damage. You headbutt the wight.
The wight is moderately damaged.
The wight hits you with a +0 short sword!
You feel drained.
You hit the wight.
The wight is severely damaged.
The wight hits you with a +0 short sword!
You hit the wight. Your headbutt misses the wight.
The wight is severely damaged.
The wight hits you with a +0 short sword!
* * * LOW HITPOINT WARNING * * *
You completely miss the wight.
The wight is severely damaged.
The wight hits you with a +0 short sword.
* * * LOW HITPOINT WARNING * * *
You hit the wight but do no damage. Your headbutt misses the wight.
The wight is severely damaged.
The wight hits you with a +0 short sword.
You die...

..####.....
.....?....
..........
#.........
###....z....
...........
###########.........
#<.....@zz'.........
###########.........
#.........
#.........
#.........
..........
#######.## .#


You could see 2 wights.

Vanquished Creatures
  2 adders (D:2)
  5 dart slugs
  8 bats
  5 endoplasms
  A giant cockroach (D:1)
  6 goblins
  3 hobgoblins (D:1)
  4 kobolds
  2 quokkas
  4 ball pythons
  A frilled lizard (D:1)
  5 rats
46 creatures vanquished.

Notes
Turn   | Place    | Note
-------+----------+-------------------------------------------
     0 | D:1      | cbfl8 the Minotaur Wanderer began the quest for the Orb.
     0 | D:1      | cbfl8 set off with the following items: a +2 shortbow, 25
                  | arrows, a +0 hand crossbow, 22 bolts, a scroll of
                  | teleportation, a +0 robe
     0 | D:1      | Reached XP level 1. HP: 19/19 MP: 0/0
   430 | D:1      | Reached XP level 2. HP: 27/27 MP: 1/1
   737 | D:1      | Reached XP level 3. HP: 28/34 MP: 2/2
   817 | D:1      | Found a faded altar of an unknown god.
  1198 | D:2      | Found Abborchiwy's Distillery.
  1336 | D:2      | Found Fosejamn's Distillery.
  1357 | D:2      | Found Wothiocs's Magic Scroll Shop.
  1625 | D:2      | Found Toguv's Weapon Boutique.
  1694 | D:2      | Reached skill level 1 in Maces & Flails
  1923 | D:2      | Reached skill level 1 in Dodging
  1923 | D:2      | Reached XP level 4. HP: 39/41 MP: 3/3
  2084 | D:2      | Found Ysarph Ikiu's Jewellery Emporium.
  2330 | D:3      | Slain by a wight

Illustrated notes

Levels and vault maps discovered:
D:1:      lightli_arrival_maybe_door_vault, layout_loops_cross,
          basic_ecumenical_altar, serial_glass, glass_columns_a,
          glass_columns_a, glass_columns_b, glass_columns_a, hex_large
D:2:      layout_basic, serial_shops, nicolae_shop_crystal,
          nicolae_shop_waterfront, shop, shop, shop, moated_statue
D:3:      layout_basic, minmay_door_square

Skill      XL: |  1  2  3 |
---------------+----------+-----
Fighting       | 4 |  4.7
Armour         | 4 |  4.6
Maces & Flails | 1 |  1.1
Dodging        | 1 |  1.1
Long Blades    | |  1.2
Bows           | |  1.1
Stealth        | |  1.1
Shields        | |  1.2

Action                   |  1- 3 |  4- 6 || total
-------------------------+-------+-------++-------
Melee: Shortbow          |    19 |       ||    19
       Whip              |    38 |       ||    38
       Headbutt          |    13 |     2 ||    15
       Staff             |    29 |    12 ||    41
 Stab: Sleeping          |     1 |     1 ||     2
Armor: Robe              |     7 |       ||     7
       Leather armour    |    27 |     7 ||    34
Dodge: Dodged            |    89 |     7 ||    96
